 Dungeon Crawl Stone Soup version 0.30.1-11-g7821555f0a (webtiles) character file.

Game seed: 10223482700452557470

1880 monsoonserge the Basher (level 9, 0/20 (52) HPs)
             Began as a Tengu Reaver on Jan 13, 2024.
             Was a Follower of Okawaru.
             Slain by a gnoll
             ... wielding a +0 spear
             ... led by a gnoll bouda
              (9 damage)
             ... on level 6 of the Dungeon.
             The game lasted 00:18:31 (4991 turns).

monsoonserge the Basher (Tengu Reaver)              Turns: 4991, Time: 00:18:33

HP:   0/20 (52)     AC:  4    Str: 14    XL:     9   Next: 14%
MP:   11/13         EV: 16    Int: 13    God:    Okawaru [*.....]
Gold: 337           SH:  0    Dex: 14    Spells: 11/12 levels left

rFire   + . .        q - +0 flail
rCold   . . .        (no shield)
rNeg    + . .        t - +2 robe of the Vaults {rPois Will+ Int-2}
rPois   +            (helmet restricted)
rElec   .            (no cloak)
rCorr   .            (no gloves)
SInv    .            (boots unavailable)
Will    +....        (no amulet)
Stlth   +            b - ring of positive energy
HPRegen 0.23/turn    l - ring of protection from fire
MPRegen 0.13/turn

%: no passive effects
@: about to teleport, weakened, flying quickly and evasively, extremely drained,
quick
A: beak, talons 3, nimble flight
a: Renounce Religion, Heroism


You were on level 6 of the Dungeon.
You worshipped Okawaru.
Okawaru was aware of your devotion.
You visited 1 branch of the dungeon, and saw 6 of its levels.

You collected 337 gold pieces.

Inventory:

Hand Weapons
 q - a +0 flail (weapon)
 w - a +0 arbalest
Missiles
 a - 4 boomerangs (quivered)
 n - 6 poisoned darts
 o - 6 javelins
 A - 3 atropa-tipped darts
Armour
 h - a +0 ring mail
 t - the +2 robe of the Vaults (worn) {rPois Will+ Int-2}
   (You found it on level 4 of the Dungeon)

   Int:       It affects your intelligence (-2).
   rPois:     It protects you from poison.
   Will:      It increases your willpower.
 z - the +0 robe of Aschaev {Fly Regen+ Str+2}
   (You found it on level 5 of the Dungeon)

   Str:       It affects your strength (+2).
   Fly:       It grants you flight.
   Regen:     It increases your rate of health regeneration.
Magical Staves
 u - a staff of fire
Jewellery
 b - a ring of positive energy (left hand)
 l - a ring of protection from fire (right hand)
 p - a ring of ice
 v - a ring of fire
 x - a ring of magical power
 y - a ring of resist corrosion
 B - a +6 ring of dexterity
Scrolls
 e - a scroll of fog {unknown}
 g - a scroll of torment {unknown}
 i - 2 scrolls of teleportation
 j - 2 scrolls of enchant weapon
 k - 2 scrolls of vulnerability {unknown}
 C - 3 scrolls of immolation {unknown}
Potions
 c - 2 potions of heal wounds
 d - a potion of lignification {unknown}
 f - 2 potions of magic
 m - a potion of curing
 r - a potion of haste {unknown}
 s - 3 potions of degeneration {unknown}
 D - a potion of might {unknown}


   Skills:
 + Level 4.6 Fighting
 + Level 9.5 Maces & Flails
 + Level 1.0 Throwing
 - Level 4.1 Armour
 + Level 4.9 Dodging
 - Level 2.0 Spellcasting
 + Level 5.0 Conjurations
 - Level 1.0 Necromancy
 + Level 2.1 Invocations


You had 11 spell levels left.
You knew the following spells:

 Your Spells              Type           Power      Damage    Failure   Level
a - Kiss of Death         Conj/Necr      36%        2d8       8%          1

Your spell library contained the following spells:

 Spells                   Type           Power      Damage    Failure   Level
 Momentum Strike          Conj/Tloc      14%        3d8       14%         2
 Hailstorm                Conj/Ice       7%         3d4       26%         3


Dungeon Overview and Level Annotations

Branches:
Dungeon (6/15)
 Temple: D:4-7

Altars:
Okawaru
Trog
Wu Jian
Yredelemnul

Shops:
D:4 [

Annotations:
D:2 Sigmund


Innate Abilities, Weirdness & Mutations

You have a beak for a mouth.
You have claws for feet.
Your magical nature lets you fly swiftly and evasively.


Message History

The orc closely misses you.
The gnoll bouda gazes fiercely through you!
You feel your attacks grow feeble. Something hits you.
A sleepcap comes into view.
You sock the orc!
You kill the orc!
Okawaru accepts your kill. Something barely misses you.
Casting: Kiss of Death (safe; 8% risk of failure)
Confirm with . or Enter, or press ? or * to list all spells.
Aiming: Kiss of Death (safe; 8% risk of failure)
Press: ? - help, Shift-Dir - straight line The negative energy hits something.
You feel drained. Something hits you but does no damage.
Casting: Kiss of Death (safe; 8% risk of failure)
Confirm with . or Enter, or press ? or * to list all spells.
Aiming: Kiss of Death (safe; 8% risk of failure)
Press: ? - help, Shift-Dir - straight line The negative energy hits something!
Okawaru accepts your kill.
Reactivating autopickup.
You feel a bit more experienced.
You feel drained.
The gnoll bouda hits you with a +0 club.
As you read the scroll of teleportation, it crumbles to dust.
You feel strangely unstable. The orc closely misses you.
The gnoll closely misses you. The gnoll bouda completely misses you.
You hit the gnoll bouda. You claw the gnoll bouda.
The gnoll bouda is heavily wounded.
The orc hits you with a +0 hand axe. The gnoll hits you but does no damage.
The gnoll bouda gazes fiercely through you!
You feel as though you will be weak longer.
The gnoll bouda completely misses you.
The adder hisses angrily.
You hit the gnoll bouda. Your kick misses the gnoll bouda.
You peck the gnoll bouda.
The gnoll bouda is severely wounded.
The orc misses you.
The gnoll hits you from afar with a +0 spear!
You die...

#..............
#..........#..#
#...........#.#
#.............#
#..............
#..........#..
###.....######
#####..####
#.$.g@##
#.###o# #g#


gof #.. .... .... ..S.. You could see a sleepcap, a gnoll bouda, 2 gnolls, an
adder and 2 orcs.

Vanquished Creatures
  Grinder (D:4)
  An acid dragon (D:6)
  2 black bears
  2 ice beasts
  3 ogres
  A phantom (D:5)
  Blork the orc (D:4)
  A bullfrog (D:5)
  3 scorpions
  A sleepcap (D:5)
  An orc priest (D:5)
  2 hounds
  A jelly (D:6)
  Jessica (D:2)
  3 iguanas
  3 orc wizards
  4 adders
  7 gnolls
  2 white imps (D:5)
  An ufetubus (D:3)
  3 worms
  3 dart slugs
  21 orcs
  7 ball pythons
  3 bats
  6 endoplasms
  4 giant cockroaches
  6 goblins
  6 hobgoblins
  6 quokkas
  8 frilled lizards
  5 kobolds
  11 rats
130 creatures vanquished.

Notes
Turn   | Place    | Note
-------+----------+-------------------------------------------
     0 | D:1      | monsoonserge the Tengu Reaver began the quest for the Orb.
     0 | D:1      | Reached XP level 1. HP: 12/12 MP: 4/4
   126 | D:1      | Reached XP level 2. HP: 17/17 MP: 6/6
   145 | D:1      | Reached skill level 1 in Necromancy
   287 | D:1      | You fall into a shaft and drop 1 floor!
   334 | D:2      | Noticed Jessica
   348 | D:2      | Killed Jessica
   349 | D:2      | Reached skill level 4 in Maces & Flails
   349 | D:2      | Reached XP level 3. HP: 12/19 MP: 5/7
   628 | D:1      | Reached XP level 4. HP: 25/25 MP: 8/8
   892 | D:2      | Noticed Sigmund
  1183 | D:3      | Reached skill level 1 in Armour
  1191 | D:3      | Found a faded altar of an unknown god.
  1339 | D:3      | Gained mutation: Your magical nature lets you fly swiftly
                  | and evasively. [Tengu growth]
  1339 | D:3      | Reached XP level 5. HP: 19/31 MP: 9/9
  1507 | D:3      | Reached skill level 5 in Maces & Flails
  1853 | D:3      | Found an ornate altar of the Wu Jian Council.
  1854 | D:3      | Found an iron altar of Okawaru.
  1857 | D:3      | Found a basalt altar of Yredelemnul.
  2083 | D:4      | Noticed an ogre
  2083 | D:4      | Noticed Grinder
  2161 | D:3      | Killed an ogre
  2162 | D:3      | Reached XP level 6. HP: 25/34 MP: 8/10
  2206 | D:4      | Paralysed by Grinder for 3 turns
  2219 | D:4      | Paralysed by Grinder for 4 turns
  2223 | D:4      | Killed Grinder
  2224 | D:4      | Reached skill level 6 in Maces & Flails
  2224 | D:4      | Reached XP level 7. HP: 16/41 MP: 11/11
  2564 | D:4      | Reached skill level 5 in Conjurations
  2648 | D:4      | Found Jetwowyr's Armour Shop.
  2693 | D:4      | Found a bloodstained altar of Trog.
  2717 | D:4      | Identified the +2 robe of the Vaults {rPois Will+ Int-2}
  2886 | D:4      | Noticed Blork the orc
  2895 | D:4      | Killed Blork the orc
  3148 | D:3      | Became a worshipper of Warmaster Okawaru
  3166 | D:5      | Entered Level 5 of the Dungeon
  3175 | D:5      | Reached skill level 7 in Maces & Flails
  3175 | D:5      | Reached skill level 1 in Throwing
  3175 | D:5      | Reached XP level 8. HP: 36/42 MP: 12/12
  3707 | D:5      | Reached * piety under Okawaru
  3757 | D:5      | Reached skill level 8 in Maces & Flails
  3974 | D:5      | Reached skill level 1 in Invocations
  3980 | D:5      | Identified the +0 robe of Aschaev {Fly Regen+ Str+2}
  4829 | D:6      | Reached skill level 9 in Maces & Flails
  4829 | D:6      | Reached XP level 9. HP: 16/29 MP: 13/13
  4991 | D:6      | Slain by a gnoll

Illustrated notes

Levels and vault maps discovered:
D:1:      ldierk_walled_garden_2, layout_rooms
D:2:      layout_rooms, nrook_loot_triangle, minmay_small_reverse_x,
          uniq_sigmund, uniq_jessica
D:3:      cheibrodos_old_hovel, layout_loops_corners,
          nicolae_overflow_hidden_temple, chequers_ecumenical_altar_simple_redux
D:4:      layout_cave_pools, general_overflow_altar, serial_shops, shop,
          uniq_blork_the_orc, uniq_grinder
D:5:      layout_layer_cave
D:6:      layout_rooms, mainiacjoe_overflow_surrounded_room,
          amcnicky_mini_pool_small, minmay_manual_mandibuliform

Skill      XL: |  1  2  3  4  5  6  7  8  9 |
---------------+----------------------------+-----
Necromancy     | 1 |  1.0
Maces & Flails | 4 5 6 7 9 |  9.5
Armour         | 1 2 3 4 |  4.1
Dodging        | 3 4 |  4.9
Fighting       | 3 4 |  4.6
Conjurations   | 5 |  5.0
Throwing       | 1 |  1.0
Invocations    | 1 2 |  2.1
Spellcasting   | |  2.0

Action                     |  1- 3 |  4- 6 |  7- 9 || total
---------------------------+-------+-------+-------++-------
  Melee: Mace              |    52 |    48 |       ||   100
         Kick              |    14 |    24 |    61 ||    99
         Peck              |     3 |    15 |    53 ||    71
         Flail             |       |    57 |   219 ||   276
         Punch             |       |       |     4 ||     4
  Throw: Dart              |       |     4 |       ||     4
         Boomerang         |       |     3 |     1 ||     4
   Cast: Kiss of Death     |     3 |     3 |    12 ||    18
    Use: Scroll            |       |       |     7 ||     7
         Potion            |       |       |     1 ||     1
 Armour: Leather armour    |    17 |       |       ||    17
         Ring mail         |     5 |    27 |    28 ||    60
         Robe              |       |       |    18 ||    18
  Dodge: Dodged            |    31 |    73 |   166 ||   270
